 Dungeon Crawl Stone Soup version 0.18.1-5-g4a78601 (webtiles) character file.

1250 barb4r1an the Bolt Thrower (level 8, -3/68 HPs)
             Began as a Centaur Hunter on May 12, 2016.
             Was a Follower of Okawaru.
             Slain by a wight
             ... wielding a +1 mace of protection
              (4 damage)
             ... on level 5 of the Dungeon.
             The game lasted 00:13:12 (6819 turns).

barb4r1an the Bolt Thrower (Centaur Hunter)         Turns: 6819, Time: 00:13:12

Health: -3/68      AC:  6    Str: 17    XL:     8   Next: 26%
Magic:  0/8        EV:  9    Int: 10    God:    Okawaru [*.....]
Gold:   97         SH:  0    Dex: 10    Spells: 0 memorised, 7 levels left

rFire  + . .     SeeInvis .     e - +3 dagger
rCold  . . .     Gourm    .     c - +0 leather armour
rNeg   . . .     Faith    .     (no shield)
rPois  .         Spirit   +     (no helmet)
rElec  .         Dismiss  .     (no cloak)
rCorr  .         Reflect  .     (no gloves)
SustAt .         Harm     .     (no barding)
MR     .....     Rnd*Tele +     n - amulet of guardian spirit
Stlth  ..........               (no ring)
                                o - ring of protection from fire

@: heavily drained, very quick, not resistant to hostile enchantments, extremely
unstealthy
A: hooves 3, slimy green scales 1, deformed body, speed 2, teleportitis 1, tough
skin 3, MP-powered wands
a: Heroism, Renounce Religion


You were on level 5 of the Dungeon.
You worshipped Okawaru.
Okawaru was aware of your devotion.
You were not hungry.

You visited 2 branches of the dungeon, and saw 7 of its levels.

You collected 202 gold pieces.
You spent 105 gold pieces at shops.

Inventory:

Hand Weapons
 a - a +1 hand crossbow
 e - a +3 dagger (weapon)
Missiles
 d - 5 bolts
Armour
 c - a +0 leather armour (worn)
Jewellery
 n - an amulet of guardian spirit (around neck)
 o - a ring of protection from fire (left hand)
Scrolls
 b - a scroll of fog {unknown}
 g - 2 scrolls of immolation {unknown}
 l - a scroll of random uselessness {unknown}
 p - 2 scrolls of recharging {unknown}
 q - 2 scrolls of teleportation
 r - 3 scrolls of remove curse
 s - a scroll of magic mapping
 v - a scroll of enchant armour {unknown}
Potions
 i - a potion of heal wounds
 j - a potion of might
 k - 7 potions of curing
 m - a potion of haste
Comestibles
 f - 3 bread rations
 h - 4 meat rations
 u - a slice of pizza


   Skills:
 + Level 5.2(2.7) Fighting
 + Level 2.4(0.1) Short Blades
 + Level 6.9(4.2) Crossbows
 + Level 3.1(0.7) Armour
 + Level 3.9(1.5) Dodging
 - Level 0.5(0.0) Stealth


You had 7 spell levels left.
You didn't know any spells.

Dungeon Overview and Level Annotations

Branches:
Dungeon (6/15)             Temple (1/1) D:4

Altars:
Ashenzari
Cheibriados
Dithmenos
Elyvilon
Gozag
Makhleb
Nemelex Xobeh
Okawaru
Qazlal
Ru
Trog
Zin

Shops:
D:4 ?

Annotations:
D:6 Blork the orc


Innate Abilities, Weirdness & Mutations

You have hooves in place of feet.
Armour fits poorly on your strangely shaped body.
You cover ground very quickly.
You have extremely tough skin (AC +3).
You are partially covered in slimy green scales (AC +2).
You are occasionally teleported next to monsters.
You expend magic power (3 MP) to strengthen your wands.


Message History

The wight barely misses you.
You hit the wight but do no damage. Your kick misses the wight.
The wight is moderately damaged.
The wight hits you with a trident.
* * * LOW HITPOINT WARNING * * *
You feel drained. The wight completely misses you.
You barely miss the wight.
The wight is moderately damaged.
The wight hits you but does no damage. The wight hits you with a trident.
* * * LOW HITPOINT WARNING * * *
You feel drained. The wight completely misses you.
You closely miss the wight. Your kick misses the wight.
The wight is moderately damaged.
The wight hits you with a mace of protection.
* * * LOW HITPOINT WARNING * * *
The wight hits you but does no damage. The wight closely misses you.
You hit the wight but do no damage.
The wight is moderately damaged.
The wight hits you with a mace of protection.
You die...

#### ###.............
...############ #...........#.##
##......#.....####.######.###....
...............##..######.#....#.
#..........<..........##..#.####.
#......).........#..>.......#⌠.##
#...............##.....#....#....
#..............z##.......##..#...
#.............zz@z...[...#...#...
##............z###.......#...'...
##.....#......# #..##...#...#...
##.######...####.###...#####...
#.# ##...#...# #......#.... #.#
##.....#.###......#⌠.## #.#
#..##.............##.#.
####.######.###.#......#.#.....#.
.......................#.##....#.


You could see 5 wights.

Vanquished Creatures
  Sigmund (D:5)
  Eustachio (D:5)
  A sky beast (D:5)
  A black bear (D:4)
  A phantom (D:4)
  2 scorpions (D:4)
  A howler monkey (D:4)
  A crimson imp (D:5)
  A hound (D:4)
  2 orc priests
  A giant frog skeleton (D:4)
  Terence (D:2)
  An iguana (D:6)
  2 orc wizards
  4 worker ants
  2 adders
  6 gnolls
  A howler monkey skeleton (D:6)
  3 shadow imps (D:5)
  2 oozes
  2 dart slugs
  4 giant geckos
  9 orcs
  6 giant cockroaches
  2 goblins
  5 hobgoblins
  7 kobolds
  A quokka (D:4)
  7 bats
  A giant gecko zombie (D:5)
  A giant newt (D:3)
  A quokka skeleton (D:4)
  A quokka zombie (D:5)
  5 rats
87 creatures vanquished.

Notes
Turn   | Place    | Note
--------------------------------------------------------------
     0 | D:1      | barb4r1an the Centaur Hunter began the quest for the Orb.
     0 | D:1      | Reached XP level 1. HP: 17/17 MP: 1/1
   403 | D:1      | Reached XP level 2. HP: 22/24 MP: 2/2
  1185 | D:1      | Reached XP level 3. HP: 29/29 MP: 3/3
  1443 | D:2      | Reached skill level 5 in Crossbows
  1556 | D:2      | Noticed Terence
  1560 | D:2      | Killed Terence
  1560 | D:2      | Reached skill level 1 in Armour
  1560 | D:2      | Reached XP level 4. HP: 37/37 MP: 4/4
  2304 | D:3      | Found a shadowy altar of Dithmenos.
  2361 | D:3      | Reached XP level 5. HP: 3/45 MP: 5/5
  3582 | D:4      | Reached XP level 6. HP: 42/51 MP: 6/6
  4080 | D:4      | Reached skill level 6 in Crossbows
  4343 | D:4      | Found a staircase to the Ecumenical Temple.
  4353 | Temple   | Entered the Ecumenical Temple
  4381 | Temple   | Became a worshipper of Warmaster Okawaru
  4535 | D:4      | Reached XP level 7. HP: 59/59 MP: 7/7
  5406 | D:4      | Found Zuguugush's Magic Scroll Boutique.
  5416 | D:4      | Bought a scroll of magic mapping for 35 gold pieces
  5416 | D:4      | Bought a scroll of identify for 20 gold pieces
  5416 | D:4      | Bought a scroll of identify for 20 gold pieces
  5416 | D:4      | Bought a scroll of teleportation for 30 gold pieces
  5472 | D:5      | Entered Level 5 of the Dungeon
  5579 | D:5      | Reached skill level 1 in Short Blades
  5583 | D:5      | Gained mutation: You are occasionally teleported next to monsters. [mutagenic meat]
  5584 | D:5      | Gained mutation: You are dopey. (Int -2) [mutagenic meat]
  5585 | D:5      | Lost mutation: You are dopey. (Int -2) [mutagenic meat]
  5586 | D:5      | Gained mutation: You expend magic power (3 MP) to strengthen your wands. [mutagenic meat]
  5587 | D:5      | Gained mutation: You are partially covered in slimy green scales (AC +2). [mutagenic meat]
  5618 | D:5      | Noticed Eustachio
  5964 | D:5      | Killed Eustachio
  5964 | D:5      | Reached * piety under Okawaru
  6271 | D:5      | Found a shattered altar of Ashenzari.
  6307 | D:5      | Noticed Sigmund
  6319 | D:5      | Killed Sigmund
  6319 | D:5      | Reached skill level 5 in Fighting
  6319 | D:5      | Reached XP level 8. HP: 60/68 MP: 6/8
  6782 | D:6      | Noticed Blork the orc
  6816 | D:5      | HP: 3/68 [wight/trident (2)]
  6818 | D:5      | HP: 1/68 [wight/mace of protection (1)]
  6819 | D:5      | Slain by a wight

Skill      XL: |  1  2  3  4  5  6  7 |
---------------+----------------------+-----
Crossbows      | 5 6 |  6.9
Dodging        | 2 3 |  3.9
Armour         | 1 2 3 |  3.1
Fighting       | 3 4 5 |  5.2
Short Blades   | 2 |  2.4
Stealth        | |  0.5

Action                   |  1- 3 |  4- 6 |  7- 9 || total
-------------------------+-------+-------+-------++-------
Melee: Dagger            |    71 |   114 |   180 ||   365
       Kick              |    11 |    31 |    40 ||    82
 Fire: Hand crossbow     |    25 |    63 |    29 ||   117
  Use: Scroll            |       |       |     6 ||     6
  Eat: Chunk             |     1 |     8 |     7 ||    16
       Meat ration       |       |       |     1 ||     1
Armor: Leather armour    |    21 |    43 |    60 ||   124
Dodge: Dodged            |    37 |    51 |    97 ||   185
